 Dungeon Crawl Stone Soup version 0.32-a0-18-g89e19f1974 (webtiles) character file.

Game seed: 14317609724549941490

55095 ragingrage the Eclecticist (level 14, -1/84 HPs)
             Began as a Deep Elf Warper on Jan 16, 2024.
             Was an Initiate of Gozag.
             Killed by divine providence
             ... invoked by Saint Roka
              (11 damage)
             ... on level 2 of the Orcish Mines.
             The game lasted 00:43:47 (24725 turns).

ragingrage the Eclecticist (Deep Elf Warper)       Turns: 24725, Time: 00:43:48

Health: -1/84      AC: 12    Str:  8    XL:     14   Next: 37%
Magic:  17/35      EV: 19    Int: 40    God:    Gozag
Gold:   4664       SH:  0    Dex: 14    Spells: 8/43 levels left

rFire   . . .        a - staff of conjuration
rCold   . . .        (no shield)
rNeg    . . .        G - +7 toga "Victory" {*Victory Int+7 Slay+7 Clar}
rPois   .            j - +0 hat {Int+3}
rElec   .            l - +0 cloak
rCorr   .            P - +0 pair of gloves
SInv    .            I - +0 pair of boots
Will    ++...        M - amulet of magic regeneration
Stlth   +++          t - ring of willpower
HPRegen 0.34/turn    Q - +6 ring of intelligence
MPRegen 0.64/turn

%: clarity
@: slightly contaminated
A: no striking features
a: Renounce Religion, Potion Petition, Call Merchant, Bribe Branch


You were on level 2 of the Orcish Mines.
You worshipped Gozag.
Gozag was most pleased with you.
You visited 4 branches of the dungeon, and saw 19 of its levels.
You also visited: Ossuary and Gauntlet.

You collected 4950 gold pieces.
You paid 286 gold pieces to Gozag.

Inventory:

Hand Weapons
 b - the +10 falchion "Hauvyige" {venom, rF+ rCorr Str+2}
   (You found it on level 4 of the Dungeon)

   Str+2:     It affects your strength (+2).
   rF+:       It protects you from fire.
   rCorr:     It protects you from acid and corrosion.
 F - the +9 quarterstaff "Jent" {holy, rPois Stlth+}
   (You found it on level 10 of the Dungeon)

   rPois:     It protects you from poison Stlth+: It makes you more stealthy.
 V - the +9 war axe of Corruption {pain, Dex+7}
   (You found it on level 8 of the Dungeon)

   Dex+7:     It affects your dexterity (+7).
Missiles
 d - 11 darts of dispersal
 B - 4 curare-tipped darts
 J - 3 throwing nets
Armour
 j - a +0 hat of intelligence (worn)
 l - a +0 cloak (worn)
 n - a +1 leather armour of fire resistance
 G - the +7 toga "Victory" (worn) {*Victory Int+7 Slay+7 Clar}
   (You took it off a wight on level 8 of the Dungeon)

   *Victory:  When the wearer kills a threatening monster, it has a chance to
   gain +1 AC, +1 Slay, and +1 Int, capping at +7.
   When the wearer uses a scroll or a potion with a hostile monster in sight,
   its bonuses reset to +0.
   Unequipping it also resets its bonuses to +0.
   Int+7:     It affects your intelligence (+7).
   Slay+7:    It affects your accuracy & damage with ranged weapons and melee
   (+7).
   Clar:      It protects you from confusion, rage, mesmerisation and fear.
 I - a +0 pair of boots (worn)
 P - a +0 pair of gloves (worn)
 Y - the +1 pair of gloves of the Game of Life {rPois rF- rN+++ Regen+}
   (You found it in a Gauntlet)

   rF-:       It makes you vulnerable to fire.
   rPois:     It protects you from poison rN+++: It renders you almost immune to
   negative energy.
   Regen+:    It increases your rate of health regeneration.
Magical Staves
 a - a staff of conjuration (weapon)
Jewellery
 t - a ring of willpower (left hand)
 C - a ring of resist corrosion
 M - an amulet of magic regeneration (around neck)
 N - a ring of see invisible
 Q - a +6 ring of intelligence (right hand)
 X - the ring of Jueprueh {Fire rPois rCorr Stlth+}
   (You found it in a Gauntlet)

   [ring of fire]

   Fire:      It enhances your fire magic.
   rF+:       It protects you from fire.
   rC-:       It makes you vulnerable to cold.
   rPois:     It protects you from poison rCorr: It protects you from acid and
   corrosion.
   Stlth+:    It makes you more stealthy.
Wands
 o - a wand of flame (23)
 p - a wand of iceblast (10)
 w - a wand of digging (14)
 y - a wand of polymorph (2)
 K - a wand of mindburst (2)
 R - a wand of quicksilver (8)
 U - a wand of charming (4)
Scrolls
 c - 3 scrolls of blinking
 i - 4 scrolls of fog
 m - a scroll of noise
 q - 2 scrolls of vulnerability
 s - a scroll of brand weapon {unknown}
 v - 6 scrolls of teleportation
 x - 4 scrolls of revelation
 E - a scroll of torment {unknown}
 L - 2 scrolls of poison
 T - a scroll of silence {unknown}
 W - a scroll of fear
Potions
 g - 2 potions of ambrosia {unknown}
 h - a potion of curing
 k - 3 potions of haste
 r - a potion of invisibility {unknown}
 u - 4 potions of enlightenment
 z - a potion of might {unknown}
 A - 2 potions of magic
 D - 5 potions of heal wounds
 H - 2 potions of brilliance {unknown}
 O - 2 potions of resistance
 S - a potion of mutation {unknown}


   Skills:
 + Level 8.2 Fighting
 - Level 4.0 Long Blades
 - Level 1.0 Throwing
 - Level 0.7 Armour
 + Level 15.0 Dodging
 - Level 5.0 Stealth
 - Level 15.0 Spellcasting
 - Level 10.0 Conjurations
 - Level 6.0 Translocations
 + Level 6.2 Ice Magic
 - Level 6.0 Air Magic
 - Level 6.0 Earth Magic
 - Level 8.0 Alchemy


You had 8 spell levels left.
You knew the following spells:

 Your Spells              Type           Power      Damage    Failure   Level
a - Sandblast             Erth           100%       2d20      1%          1
b - Brom's Barrelling Bo  Conj/Erth      96%        2d11      1%          4
c - Stone Arrow           Conj/Erth      100%       3d13      1%          3
d - Passwall              Erth           67%        N/A       1%          3
e - Olgreb's Toxic Radia  Alch           76%        N/A       1%          4
f - Mephitic Cloud        Conj/Alch/Air  96%        N/A       1%          3
g - Swiftness             Air            67%        N/A       1%          3
h - Freezing Cloud        Conj/Ice/Air   47%        6-21      1%          5
i - Ozocubu's Refrigerat  Ice            34%        4d15      56%         7
k - Blink                 Tloc           100%       N/A       1%          2

Your spell library contained the following spells:

 Spells                   Type           Power      Damage    Failure   Level
 Kiss of Death            Conj/Necr      100%       2d13      1%          1
 Magic Dart               Conj           100%       1d8       1%          1
 Sting                    Conj/Alch      100%       1d9       1%          1
 Cigotuvi's Dreadful Rot  Necr/Alch/Air  100%       N/A       1%          2
 Ensorcelled Hibernation  Hex/Ice        100%       N/A       1%          2
 Lesser Beckoning         Tloc           100%       N/A       1%          2
 Mercury Vapours          Alch/Air       100%       N/A       1%          2
 Momentum Strike          Conj/Tloc      100%       3d10      1%          2
 Searing Ray              Conj           100%       2d8       1%          2
 Gell's Gravitas          Tloc           67%        N/A       1%          3
 Summon Ice Beast         Ice/Summ       53%        N/A       1%          3
 Teleport Other           Tloc           67%        N/A       1%          3
 Flame Wave               Conj/Fire      81%        2d18      1%          4
 Fulminant Prism          Conj/Alch      50%        3d22      1%          4
 Manifold Assault         Tloc           67%        N/A       1%          4
 Passage of Golubria      Tloc           67%        N/A       1%          4
 Sticky Flame             Fire/Alch      58%        2d10      1%          4
 Vhi's Electric Charge    Tloc/Air       100%       N/A       1%          4
 Confusing Touch          Hex            30%        N/A       3%          3
 Inner Flame              Hex/Fire       30%        N/A       3%          3
 Tukima's Dance           Hex            30%        N/A       3%          3
 Yara's Violent Unravell  Hex/Alch       29%        3d12      5%          5
 Sculpt Simulacrum        Ice/Alch       36%        N/A       9%          6
 Dispel Undead            Necr           30%        3d14      11%         4
 Martyr's Knell           Necr/Summ      30%        N/A       11%         4
 Dispersal                Tloc           33%        N/A       14%         6
 Summon Mana Viper        Hex/Summ       30%        N/A       28%         5
 Death Channel            Necr           15%        N/A       85%         6
 Monstrous Menagerie      Summ           15%        N/A       100%        7
 Polar Vortex             Ice            34%        12d4*     100%        9


Dungeon Overview and Level Annotations

Branches:
Dungeon (11/15)            Temple (1/1) D:5            Lair (5/5) D:10
 Shoals (0/4) Lair:3        Snake (0/4) Lair:3        Slime (0/5) Lair:5
    Orc (2/2) D:10        Ossuary (visited)         Gauntlet (visited)
    Elf: Orc:2

Altars:
Ashenzari
Cheibriados
Dithmenos
Elyvilon
Fedhas
Gozag
Hepliaklqana
Kikubaaqudgha
Makhleb
Nemelex Xobeh
Okawaru
Qazlal
Ru
Sif Muna
Trog
Uskayaw
Vehumet
Wu Jian
Xom
Yredelemnul
Zin
The Shining One
Jiyva

Shops:
D:5 *

Annotations:
D:5 1 runed translucent door, RockinRobin's ghost, amateur DsGl
D:6 2 transporters, gelatine's ghost, novice MiHu
D:9 exclusion: 8 doors
D:10 exclusion: downstairs, Gastronok
D:11 Erica
Lair:3 2 runed translucent doors, Yxtequst's ghost, journeyman AtWn
Lair:5 1 exclusion
Orc:2 Saint Roka


Message History

The curare-tipped dart barely misses Saint Roka.
Throw: 5 darts (curare)
Press: ? - help, Shift-Dir - straight line, f/p - Saint Roka
Aim: Saint Roka, wielding a +2 war axe of freezing and wearing a +1 plate armour of positive energy (lightly wounded, very poisoned, 77% to hit)
You throw a curare-tipped dart. The curare-tipped dart hits Saint Roka.
Saint Roka looks as sick as possible!
Saint Roka struggles to breathe.
Saint Roka seems to slow down.
Casting: Olgreb's Toxic Radiance (safe; 1% risk of failure)
Aiming: Freezing Cloud (dangerous; 1% risk of failure)
Press: ? - help, Dir - move target, p - Saint Roka You feel a surge of power!
Saint Roka is engulfed in freezing vapours.
Saint Roka is engulfed in freezing vapours.
Saint Roka is engulfed in freezing vapours.
Casting: Freezing Cloud (dangerous; 1% risk of failure)
Aiming: Freezing Cloud (dangerous; 1% risk of failure)
Press: ? - help, Dir - move target You feel a surge of power!
Saint Roka is no longer moving slowly.
Casting: Freezing Cloud (dangerous; 1% risk of failure)
You miscast Ozocubu's Refrigeration.
You are very lightly contaminated with residual magic.
You are caught in an explosion of ice and frost!
Saint Roka is engulfed in freezing vapours.
Casting: Ozocubu's Refrigeration (extremely dangerous; 56% risk of failure)
You miscast Ozocubu's Refrigeration.
You are contaminated with residual magic.
You feel extremely cold!!
* * * LOW HITPOINT WARNING * * *
Saint Roka is engulfed in freezing vapours.
Saint Roka calls down the wrath of Beogh upon you.
Beogh smites you!
* * * LOW HITPOINT WARNING * * *
You feel less contaminated with magical energies.
There is a stone staircase leading up here.
Saint Roka invokes the aid of Beogh against you.
Beogh smites you!
You die...
Saint Roka roars, "Praise to Beogh!"
Your body crumbles into a pile of gold.

#....##........[....
.$##.....##..).........
................#((..$.
..#.......)[.......$$$
.........§).§.......#.
#.....[§§§.........
#.....o§§§.........
##......§#....#...#.
#..@................
##..................
#...#...............
.........#..#........
#.#.....#.............
#####.<$......#.......
#.......... .
.....#....


You could see Saint Roka (very poisoned).

Vanquished Creatures
  A minotaur (Gauntlet)
  An ettin (Orc:1)
  3 catoblepae
  4 hydras
  A ghost crab (Gauntlet)
  An alligator (Lair:5)
  3 two-headed ogres (D:10)
  Urug (Lair:1)
  A skyshark (Lair:3)
  A lindwurm (Lair:3)
  An orc knight (Orc:1)
  2 manticores (Orc:1)
  A merfolk siren (Lair:3)
  An ugly thing (Lair:5)
  Joseph (D:7)
  5 elephants (Lair:4)
  A smoke demon (Lair:5)
  A gargoyle (D:10)
  8 black mambas
  3 rime drakes
  A large abomination (Lair:5)
  3 orange demons (Orc:1)
  11 cane toads
  Maggie (Lair:1)
  12 komodo dragons
  3 merfolk (Lair:3)
  A troll (D:9)
  2 polar bears
  44 blink frogs
  3 raiju
  6 dream sheep (Lair:3)
  7 small abominations
  A vampire (D:9)
  A spriggan (Lair:5)
  3 ynoxinuls
  A water elemental (D:11)
  35 yaks
  A warg (Orc:1)
  4 wyverns
  5 steam dragons
  7 basilisks
  3 chaos spawn (Lair:5)
  Menkaure (Ossuary)
  15 water moccasins
  An acid dragon (D:9)
  A sky beast (D:8)
  2 ice beasts
  2 black bears
  11 orc warriors
  5 ogres
  4 wolves (Lair:5)
  4 centaurs
  3 kobold brigands
  8 scorpions
  9 bullfrogs
  A gnoll sergeant (D:8)
  9 wights (D:8)
  6 killer bees (D:9)
  3 electric eels (Lair:2)
  7 howler monkeys
  A bombardier beetle (D:7)
  3 gnoll boudas
  11 orc priests
  2 sleepcaps (D:4)
  3 hounds
  4 iron imps (Gauntlet)
  15 jellies
  Crazy Yiuf (D:6)
  An iguana (D:4)
  Terence (D:3)
  Natasha (thrice) (D:3)
  22 orc wizards
  5 hell rats (Lair:5)
  3 mummies (Ossuary)
  24 gnolls
  6 adders
  5 river rats (Lair:5)
  A white imp (D:7)
  2 ufetubi (D:5)
  A dart slug (D:1)
  53 orcs
  12 endoplasms
  2 giant cockroaches
  4 gnoll zombies (Ossuary)
  4 goblins
  5 hobgoblins
  8 jackals (D:1)
  19 kobolds
  4 quokkas
  9 ball pythons
  6 bats
  5 frilled lizards
  3 gnoll skeletons (Ossuary)
  5 goblin skeletons (Ossuary)
  4 goblin zombies (Ossuary)
  9 hobgoblin skeletons (Ossuary)
  4 hobgoblin zombies (Ossuary)
  3 kobold skeletons (Ossuary)
  6 kobold zombies (Ossuary)
  2 orc skeletons (Ossuary)
  4 orc zombies (Ossuary)
  8 rats
  3 rat skeletons (Ossuary)
  3 rat zombies (Ossuary)
587 creatures vanquished.

Vanquished Creatures (collateral kills)
  A boulder (D:10)
1 creature vanquished.

Vanquished Creatures (others)
  A kobold (D:6)
  2 boulders
3 creatures vanquished.

Grand Total: 591 creatures vanquished

Notes
Turn   | Place    | Note
-------+----------+-------------------------------------------
     0 | D:1      | ragingrage the Deep Elf Warper began the quest for the Orb.
     0 | D:1      | Reached XP level 1. HP: 12/12 MP: 6/6
   189 | D:1      | Learned a level 1 spell: Sandblast
   369 | D:1      | Reached skill level 1 in Stealth
   437 | D:1      | Reached skill level 1 in Earth Magic
   467 | D:1      | Reached XP level 2. HP: 16/16 MP: 5/8
   789 | D:1      | Reached XP level 3. HP: 14/20 MP: 1/9
  1247 | D:2      | Learned a level 2 spell: Blink
  1251 | D:2      | Learned a level 3 spell: Stone Arrow
  2316 | D:3      | Noticed Natasha
  2325 | D:3      | Killed Natasha
  2326 | D:3      | Reached skill level 1 in Conjurations
  2326 | D:3      | Reached XP level 4. HP: 25/25 MP: 7/11
  2549 | D:3      | Noticed Natasha
  2554 | D:3      | Killed Natasha
  2618 | D:3      | Noticed Natasha
  2632 | D:3      | Killed Natasha
  2633 | D:3      | Reached XP level 5. HP: 14/29 MP: 5/12
  2770 | D:3      | Noticed Terence
  2908 | D:3      | Found a faded altar of an unknown god.
  3092 | D:3      | You fall into a shaft and drop 1 floor!
  3092 | D:4      | Found a burning altar of Makhleb.
  3128 | D:4      | Learned a level 3 spell: Passwall
  3292 | D:4      | Identified the +10 falchion "Hauvyige" {venom, rF+ rCorr
                  | Str+2}
  3487 | D:4      | Reached XP level 6. HP: 30/34 MP: 7/14
  3932 | D:5      | Entered Level 5 of the Dungeon
  3945 | D:4      | Learned a level 4 spell: Manifold Assault
  4192 | D:4      | Reached skill level 5 in Earth Magic
  4346 | D:5      | Reached skill level 5 in Spellcasting
  4346 | D:5      | Reached XP level 7. HP: 38/38 MP: 13/16
  4894 | D:4      | Found a burning altar of Makhleb.
  5504 | D:5      | Reached XP level 8. HP: 33/43 MP: 14/18
  5505 | D:5      | Identified the blade talisman of Misanthropy {Will+ Str+2
                  | Stlth-}
  5542 | D:5      | Found Piofoot's Gadget Gallery.
  5578 | D:5      | Learned a level 4 spell: Brom's Barrelling Boulder
  5747 | D:5      | Found a runed translucent door.
  5770 | D:5      | Noticed RockinRobin's ghost (amateur DsGl)
  5781 | D:5      | Found a staircase to the Ecumenical Temple.
  5787 | Temple   | Entered the Ecumenical Temple
  5810 | Temple   | Became a worshipper of Gozag Ym Sagoz the Greedy
  6052 | D:6      | Reached skill level 5 in Translocations
  6236 | D:6      | Learned a level 3 spell: Mephitic Cloud
  6311 | D:6      | Found a bloodstained altar of Trog.
  6437 | D:6      | Reached skill level 1 in Alchemy
  6490 | D:6      | Reached skill level 1 in Air Magic
  6521 | D:6      | Reached skill level 5 in Conjurations
  6939 | D:6      | Found a runed translucent door.
  6940 | D:6      | Noticed Crazy Yiuf
  7025 | D:6      | Found a transporter.
  7026 | D:6      | Noticed gelatine's ghost (novice MiHu)
  7031 | D:6      | Found a transporter.
  7253 | D:6      | Killed Crazy Yiuf
  7371 | D:6      | Reached XP level 9. HP: 47/47 MP: 18/22
  7583 | D:7      | Found a sand-covered staircase.
  7590 | Ossuary  | Entered an ossuary
  8191 | Ossuary  | Noticed Menkaure
  8198 | Ossuary  | Killed Menkaure
  8713 | D:7      | Noticed Joseph
  8839 | D:7      | Found an ancient bone altar of Kikubaaqudgha.
  8855 | D:7      | Found a shimmering blue altar of Sif Muna.
  8885 | D:7      | Found a radiant altar of Vehumet.
  9153 | D:7      | Found a sparkling altar of Nemelex Xobeh.
  9391 | D:8      | Reached skill level 10 in Spellcasting
 10362 | D:8      | Identified the +9 war axe of Corruption {pain, Dex+7}
 10437 | D:8      | Reached XP level 10. HP: 56/56 MP: 13/26
 10923 | D:9      | Reached skill level 5 in Dodging
 11342 | D:9      | Noticed a centaur warrior
 12229 | D:10     | Entered Level 10 of the Dungeon
 12318 | D:10     | Noticed a gargoyle
 12318 | D:10     | Noticed a two-headed ogre
 12522 | D:10     | Killed a gargoyle
 12543 | D:10     | Killed a two-headed ogre
 12544 | D:10     | Reached skill level 5 in Stealth
 12571 | D:10     | Noticed a two-headed ogre
 12574 | D:10     | Killed a two-headed ogre
 12575 | D:10     | Reached XP level 11. HP: 61/61 MP: 18/27
 12637 | D:10     | Noticed Gastronok
 12637 | D:10     | Noticed a two-headed ogre
 12722 | D:10     | Found a staircase to the Orcish Mines.
 13050 | D:10     | Reached skill level 10 in Dodging
 13122 | D:10     | Killed a two-headed ogre
 13123 | D:10     | Reached skill level 5 in Fighting
 13131 | D:10     | Identified the +9 quarterstaff "Jent" {holy, rPois Stlth+}
 13147 | D:10     | Learned a level 3 spell: Swiftness
 13153 | D:10     | Learned a level 5 spell: Freezing Cloud
 13192 | D:10     | Found a staircase to the Lair.
 13410 | D:11     | Noticed Erica
 13441 | D:11     | Reached skill level 1 in Ice Magic
 13603 | Lair:1   | Entered Level 1 of the Lair of Beasts
 13603 | Lair:1   | Noticed Urug
 13611 | Lair:1   | Killed Urug
 13656 | Lair:1   | Noticed Maggie
 14220 | Lair:2   | Reached skill level 5 in Ice Magic
 14293 | Lair:2   | Reached XP level 12. HP: 71/71 MP: 17/28
 15246 | Lair:2   | Learned a level 4 spell: Olgreb's Toxic Radiance
 15577 | Lair:3   | Reached skill level 5 in Air Magic
 15595 | Lair:3   | Reached skill level 5 in Alchemy
 15765 | Lair:3   | Identified the serpent talisman of Unouba Cempa {rElec
                  | Int+3}
 15771 | Lair:3   | Found a staircase to the Snake Pit.
 15923 | Lair:3   | Found a staircase to the Shoals.
 15965 | Lair:3   | Found a large runed translucent door.
 15966 | Lair:3   | Found a large runed translucent door.
 16123 | Lair:3   | Noticed Yxtequst's ghost (journeyman AtWn)
 16170 | Lair:3   | Noticed a five-headed hydra
 16175 | Lair:3   | Killed a five-headed hydra
 16431 | Lair:4   | Noticed a five-headed hydra
 16431 | Lair:4   | Noticed a four-headed hydra
 16672 | Lair:4   | Reached XP level 13. HP: 67/76 MP: 10/30
 17337 | Lair:4   | Noticed Sonja
 17338 | Lair:4   | Sonja changed into Sonja the blink frog
 17338 | Lair:4   | Noticed Sonja
 17342 | Lair:4   | Killed Sonja the blink frog
 17862 | Lair:5   | Entered Level 5 of the Lair of Beasts
 17965 | Lair:5   | Reached skill level 10 in Conjurations
 18800 | Lair:5   | Found a viscous altar of Jiyva.
 18802 | Lair:5   | Found a staircase to the Slime Pits.
 20857 | Lair:1   | Reached XP level 14. HP: 82/82 MP: 31/34
 21047 | Lair:1   | Killed Maggie
 21916 | D:7      | Killed Joseph
 22165 | D:3      | Killed Terence
 22589 | Orc:1    | Entered Level 1 of the Orcish Mines
 22989 | Orc:1    | Found a shimmering altar of Xom.
 23220 | Orc:2    | Entered Level 2 of the Orcish Mines
 23220 | Orc:2    | Found a gate leading to a gauntlet.
 23229 | Gauntlet | Entered a Gauntlet
 23229 | Gauntlet | Found a transporter.
 23237 | Gauntlet | Found a transporter.
 23239 | Gauntlet | Found a transporter.
 23241 | Gauntlet | Found a transporter.
 23258 | Gauntlet | Found a transporter.
 23271 | Gauntlet | Found a transporter.
 23277 | Gauntlet | Found a transporter.
 23292 | Gauntlet | Found a transporter.
 23311 | Gauntlet | Found a transporter.
 23323 | Gauntlet | Found a transporter.
 23335 | Gauntlet | Found a transporter.
 23341 | Gauntlet | Found a transporter.
 23360 | Gauntlet | Found a transporter.
 23372 | Gauntlet | Found a transporter.
 23389 | Gauntlet | Found a transporter.
 23406 | Gauntlet | Found a transporter.
 23408 | Gauntlet | Found a transporter.
 23435 | Gauntlet | Found a transporter.
 23715 | Gauntlet | Reached skill level 15 in Spellcasting
 23753 | Gauntlet | Identified the amulet of Fesyrungeox {Spirit Int-3 Dex+7
                  | SInv Stlth-}
 23998 | Gauntlet | Reached skill level 15 in Dodging
 24229 | Gauntlet | Identified the ring of Jueprueh {Fire rPois rCorr Stlth+}
 24229 | Gauntlet | Identified the +1 pair of gloves of the Game of Life {rPois
                  | rF- rN+++ Regen+}
 24303 | Orc:2    | Learned a level 7 spell: Ozocubu's Refrigeration
 24326 | Orc:2    | Noticed Saint Roka
 24725 | Orc:2    | Killed from afar by Saint Roka

Illustrated notes

Levels and vault maps discovered:
D:1:      sevenhm_arrival_forest_fort_large_4, layout_loops_cross
D:2:      layout_loops_corners
D:3:      layout_basic, shapermc_ecumenical_altar_acropolis, uniq_natasha,
          uniq_terence
D:4:      layout_loops_ring, overflow_temple_1_default
D:5:      layout_rooms, minmay_temple_entry_enclosed_plants,
          ebering_ghost_inner_flame, nicolae_shop_gadgets
D:6:      minmay_angry_zag, layout_cave_pools, lightli_temple_of_fire,
          gammafunk_ghost_smash, uniq_crazy_yiuf_cottage
D:7:      layout_loops_ring, palyth_temple_overflow_mages,
          mainiacjoe_overflow_tiny_flanked,
          lightli_ossuary_entry_decrepit_ruins, uniq_joseph
D:8:      layout_rooms
D:9:      layout_irregular_city, lightli_fourway_metalbox
D:10:     layout_roguey, lair_entry_dummy, minmay_orc_entry_temple_small,
          uniq_gastronok
D:11:     cheibrodos_steamvent, layout_basic, serial_curves, eino_curves_04,
          eino_curves_04, gammafunk_ghost_wrathful_warriors,
          hellmonk_sif_muna_bookshelves, uniq_erica
Temple:   nicolae_temple_elliptical
Lair:1:   layout_loops_ring, cheibrodos_lair_reptile_den,
          infiniplex_staircase_pool_2, grunt_megastairs_2, serial_bayou_shore_a,
          uniq_urug, uniq_maggie
Lair:2:   layout_gridlike, serial_bayou_shore_b, lemuel_fruit_fields
Lair:3:   layout_chaotic_city, elwin_shoals_entry_stream, dummy_snake_entry,
          ebering_ghost_disaster_area, cheibrodos_lair_caveside_slide,
          grunt_megastairs_4
Lair:4:   layout_small_grid, uniq_sonja
Lair:5:   hellmonk_lair_end_abyssal_woods, layout_hall_layers,
          minmay_slime_entry_jelly_boxes, kennysheep_abandoned_house
Orc:1:    layout_diamond_mine, basic_altar, einodemon_barbed_minivault
Orc:2:    st_orc_mages, layout_caves, gauntlet_entry_generic,
          nicolae_orc_stalacmites, uniq_saint_roka

Skill      XL: |  1  2  3  4  5  6  7  8  9 10 11 12 13 14 |
---------------+-------------------------------------------+-----
Stealth        | 1 2 3 5 |  5.0
Earth Magic    | 1 2 3 4 5 6 |  6.0
Conjurations   | 1 2 3 5 6 8 9 10 | 10.0
Spellcasting   | 4 5 7 10 11 14 15 | 15.0
Long Blades    | 2 3 4 |  4.0
Translocations | 4 5 6 |  6.0
Alchemy        | 2 4 6 8 |  8.0
Air Magic      | 2 3 4 5 6 |  6.0
Fighting       | 3 4 6 7 8 |  8.2
Dodging        | 4 9 11 12 14 15 | 15.0
Ice Magic      | 5 6 |  6.2
Throwing       | |  1.0
Armour         | |  0.7

Action                     |  1- 3 |  4- 6 |  7- 9 | 10-12 | 13-15 || total
---------------------------+-------+-------+-------+-------+-------++-------
  Melee: Falchion          |    38 |    34 |   138 |    28 |    16 ||   254
         Punch             |     2 |       |     2 |     1 |       ||     5
         War axe           |       |       |       |     5 |       ||     5
         Staff             |       |       |       |       |     1 ||     1
  Throw: Dart              |       |       |       |       |     3 ||     3
   Cast: Sandblast         |    55 |    64 |   120 |       |       ||   239
         Stone Arrow       |       |     3 |    78 |   246 |   252 ||   579
         Blink             |       |       |     3 |     2 |     1 ||     6
         Brom's Barrelling |       |       |     3 |     2 |       ||     5
         Mephitic Cloud    |       |       |     1 |    15 |     5 ||    21
         Freezing Cloud    |       |       |       |    19 |    39 ||    58
         Olgreb's Toxic Ra |       |       |       |    10 |    51 ||    61
         Swiftness         |       |       |       |       |     2 ||     2
 Invoke: Potion Petition   |       |       |       |     1 |       ||     1
  Evoke: Wand              |       |       |       |     4 |     1 ||     5
    Use: Scroll            |     2 |     1 |     2 |     8 |     4 ||    17
         Potion            |       |       |       |     1 |       ||     1
   Stab: Sleeping          |       |     2 |     3 |       |       ||     5
         Distracted        |       |       |     2 |       |     1 ||     3
         Confused          |       |       |       |     1 |       ||     1
 Armour: Leather armour    |    40 |    51 |   118 |       |       ||   209
         Robe              |       |       |       |    49 |    56 ||   105
  Dodge: Dodged            |    45 |    54 |   103 |    75 |    58 ||   335

Table legend: (Time is in decaauts)
 A = Elapsed time spent in this place.
 B = Non-inter-level travel time spent in this place.
 C = Inter-level travel time spent in this place.
 D = Time resting spent in this place.
 E = Time spent auto-exploring this place.
 F = Levels seen in this place.
 G = Mean time per level.
                   A        B        C        D        E       F      G
               +--------+--------+--------+--------+--------+-----+--------+
         Total |  24944 |  23292 |   1652 |   6450 |  12559 |  21 | 1187.8 |
       Dungeon |  13788 |  12714 |   1074 |   3394 |   7149 |  11 | 1253.5 |
        Temple |     46 |      1 |     45 |      0 |      0 |   1 |   46.0 |
          Lair |   8204 |   7780 |    424 |   2416 |   4120 |   5 | 1640.8 |
  Orcish Mines |   1076 |    969 |    107 |    260 |    456 |   2 |  538.0 |
       Ossuary |    769 |    769 |      0 |     26 |    506 |   1 |  769.0 |
      Gauntlet |   1059 |   1059 |      0 |    354 |    327 |   1 | 1059.0 |
               +--------+--------+--------+--------+--------+-----+--------+

Top non-repeatable levels by time:
  Lair:5: 2707 daAuts
     D:4: 1918 daAuts
  Lair:3: 1820 daAuts
     D:7: 1620 daAuts
     D:9: 1603 daAuts
  Lair:2: 1458 daAuts
  Lair:1: 1310 daAuts
     D:3: 1308 daAuts
    D:10: 1307 daAuts
     D:6: 1295 daAuts
     D:5: 1255 daAuts
     D:1: 1224 daAuts
     D:8: 1120 daAuts
Gauntlet: 1059 daAuts
     D:2: 999 daAuts
